 Dungeon Crawl Stone Soup version 0.29-a0-221-gceb61267dd (webtiles) character file.

Game seed: 409863724831466333

1179 mcwallace the Bolt Thrower (level 8, -5/64 HPs)
             Began as a Formicid Hunter on Feb 26, 2022.
             Was an Initiate of Okawaru.
             Slain by an ogre
             ... wielding a +0 giant club
              (19 damage)
             ... on level 4 of the Dungeon.
             The game lasted 00:18:24 (4836 turns).

mcwallace the Bolt Thrower (Formicid Hunter)        Turns: 4836, Time: 00:18:24

Health: -5/64      AC:  6    Str: 24    XL:     8   Next: 69%
Magic:  8/8        EV: 13    Int: 10    God:    Okawaru [......]
Gold:   327        SH:  0    Dex: 13    Spells: 7/7 levels left

rFire   . . .      SeeInvis +   a - +1 hand crossbow {crossbow}
rCold   . . .      Faith    .   (no shield)
rNeg    . . .      Spirit   .   H - +2 leather armour {rPois}
rPois   +          Reflect  .   (helmet unavailable)
rElec   .          Harm     .   (no cloak)
rCorr   .          Rampage  .   M - +0 pair of gloves
Will    .....                   (no boots)
Stlth   +.........              (no amulet)
HPRegen 0.20/turn               Q - +6 ring of strength
MPRegen 0.11/turn               t - +4 ring of slaying

@: no status effects
A: permanent stasis, dig shafts and tunnels, antennae 3, four strong arms
a: Dig, Shaft Self, Renounce Religion


You were on level 4 of the Dungeon.
You worshipped Okawaru.
Okawaru was noncommittal.
You visited 2 branches of the dungeon, and saw 6 of its levels.
You also visited: Sewer.

You collected 327 gold pieces.


Innate Abilities, Weirdness & Mutations

You cannot be hasted, slowed, berserked, paralysed or teleported.
You can dig through walls and to a lower floor.
You have a pair of large antennae on your head. (SInv)
Your four strong arms can wield two-handed weapons with a shield.


   Skills:
 + Level 5.7 Fighting
 + Level 6.3 Crossbows
 + Level 5.0 Armour
 + Level 4.7 Dodging
 - Level 1.2 Stealth


You had 7 spell levels left.
You didn't know any spells.
Your spell library contained the following spells:

 Spells                   Type           Power      Damage    Failure   Level
 Inner Flame              Hex/Fire       0%         N/A       77%         3
 Cause Fear               Hex            0%         N/A       99%         4
 Fireball                 Conj/Fire      0%         3d3       100%        5
 Iskenderun's Battlesphe  Conj           0%         2d6       100%        5
 Conjure Ball Lightning   Conj/Air       0%         3x3d6     100%        6
 Orb of Destruction       Conj           0%         9d5       100%        7
 Discord                  Hex            0%         N/A       100%        8
 Summon Guardian Golem    Hex/Summ       Unusable   N/A       N/A         3
 Spellforged Servitor     Conj/Summ      Unusable   N/A       N/A         7

Inventory:

Hand Weapons
 a - a +1 hand crossbow (weapon) {crossbow}
 y - a +1 short sword of holy wrath {short}
   (You took it off an orc on level 3 of the Dungeon)
 B - a +2 vorpal trident {polearm}
   (You took it off an orc priest on level 3 of the Dungeon)
 K - a +2 war axe of venom {axe}
   (You found it on level 4 of the Dungeon)
Missiles
 d - 85 stones {throwing}
 A - 5 boomerangs {throwing}
 G - 7 poisoned darts {throwing}
 O - a curare-tipped dart {=fthrowing}
Armour
 b - a +0 leather armour
 e - a +0 ring mail
   (You found it on level 1 of the Dungeon)
 h - a +0 robe
   (You found it on level 1 of the Dungeon)
 j - a +0 robe
   (You found it on level 2 of the Dungeon)
 s - a +0 ring mail
   (You found it on level 2 of the Dungeon)
 w - a +0 robe
   (You took it off an orc wizard on level 3 of the Dungeon)
 x - a +0 leather armour
   (You found it on level 3 of the Dungeon)
 C - a +0 leather armour
   (You took it off an orc priest on level 3 of the Dungeon)
 D - a +0 ring mail
   (You found it on level 3 of the Dungeon)
 H - a +2 leather armour of poison resistance (worn)
   (You took it off Eustachio on level 4 of the Dungeon)
 I - a +0 leather armour
   (You took it off an orc on level 3 of the Dungeon)
 M - a +0 pair of gloves (worn)
   (You found it on level 4 of the Dungeon)
 S - a +0 leather armour
   (You found it on level 4 of the Dungeon)
 T - a +0 chain mail
   (You took it off an orc priest on level 4 of the Dungeon)
Magical Staves
 f - a staff of earth {!astaff}
   (You found it on level 1 of the Dungeon)
 r - a staff of cold {!astaff}
   (You found it on level 2 of the Dungeon)
 z - a staff of earth {!astaff}
   (You found it on level 3 of the Dungeon)
Jewellery
 q - a ring of magical power
   (You found it on level 2 of the Dungeon)
 t - a +4 ring of slaying (right hand)
   (You found it on level 2 of the Dungeon)
 Q - a +6 ring of strength (left hand)
   (You found it on level 4 of the Dungeon)
 R - a ring of protection from cold
   (You found it on level 4 of the Dungeon)
Scrolls
 c - 2 scrolls of immolation {unknown}
 g - 2 scrolls of vulnerability {!r!r}
 i - a scroll of enchant armour {unknown}
 l - 3 scrolls of fog {unknown}
 m - a scroll of teleportation {unknown}
 o - a scroll of enchant weapon {unknown}
 u - 3 scrolls of noise {!r}
 J - 3 scrolls of silence {unknown}
 L - a scroll of amnesia {unknown}
 P - a scroll of fear {unknown}
Potions
 k - 2 potions of ambrosia {unknown}
 n - 2 potions of curing {unknown}
 p - 2 potions of attraction {unknown}
 v - 2 potions of mutation {unknown}
 E - a potion of heal wounds {@q2}
 F - 2 potions of flight
 N - a potion of lignification {unknown}

Dungeon Overview and Level Annotations

Branches:
Dungeon (5/15)             Temple (1/1) D:4           Sewer (visited)

Altars:
Cheibriados
Dithmenos
Elyvilon
Fedhas
Gozag
Kikubaaqudgha
Nemelex Xobeh
Okawaru
Qazlal
Sif Muna
Trog
Vehumet
Wu Jian
Xom
Yredelemnul

Shops:
D:2

* #.#)# ###.............##.
#.#.#######..................
#.#.#........................
#.#.########.....#.#.........
#.#.# ##....#.#..##.....
#...# #.....#.######....
###># #.....#.....###... ###
##O...#####.####..
########@y.......#.#.....
#......y.y.......#.#.####
#.##########.....#.#.# #†#
#.....#.#.# #.# #....##...#
#.# ########### #.# # #####.#
## #...#.# #.


You could see an ogre and 3 killer bees.


Message History

You shoot a bolt. The bolt barely misses the killer bee.
The killer bee stings you but does no damage.
The killer bee barely misses you.
The killer bee closely misses you. 😕 HP[+1] Shoot: a) +1 hand crossbow {crossbow}
Press: ? - help, Q - select action, (/) - cycle Shift-Dir - straight line, f/p - killer bee
Aim: a killer bee (severely wounded, 47% to hit)
You shoot a bolt. The bolt barely misses the killer bee.
The killer bee stings you. x2 😕 HP[-3]
You take 3 damage, and now have 55/63 hp.
Shoot: a) +1 hand crossbow {crossbow}
Press: ? - help, Q - select action, (/) - cycle Shift-Dir - straight line, f/p - killer bee
Aim: a killer bee (severely wounded, 47% to hit)
You shoot a bolt. The bolt closely misses the killer bee.
The killer bee stings you but does no damage.
The killer bee misses you. The killer bee barely misses you.
Shoot: a) +1 hand crossbow {crossbow}
Press: ? - help, Q - select action, (/) - cycle Shift-Dir - straight line, f/p - killer bee
Aim: a killer bee (severely wounded, 47% to hit)
You shoot a bolt. The bolt closely misses the killer bee.
The killer bee stings you. The killer bee misses you. 😕 HP[-2]
You take 2 damage, and now have 53/63 hp.
Shoot: a) +1 hand crossbow {crossbow}
Press: ? - help, Q - select action, (/) - cycle Shift-Dir - straight line, f/p - killer bee
Aim: a killer bee (severely wounded, 47% to hit)
You shoot a bolt. The bolt closely misses the killer bee.
The killer bee closely misses you.
The killer bee barely misses you. 😕 HP[+1] Shoot: a) +1 hand crossbow {crossbow}
Press: ? - help, Q - select action, (/) - cycle Shift-Dir - straight line, f/p - killer bee
Aim: a killer bee (severely wounded, 47% to hit)
You shoot a bolt. The bolt hits the killer bee!
You kill the killer bee!
Okawaru accepts your kill. 😕 HP[+1]
You now have 64 max hp (+1).
Shoot: a) +1 hand crossbow {crossbow}
Press: ? - help, Q - select action, (/) - cycle Shift-Dir - straight line, f - you That would be overly suicidal.
Okay, then.
You start resting. 😎 HP[+9]
Your hp is fully restored (64).
You climb downwards.
The killer bee buzzes angrily.
The killer bee completely misses you. The killer bee closely misses you.
The killer bee barely misses you. The ogre barely misses you.
The killer bee stings you but does no damage.
The killer bee stings you. The killer bee closely misses you.
There is a stone staircase leading up here. 😕 HP[-6]
You take 6 damage, and now have 58/64 hp.
The killer bee stings you! The killer bee stings you.
The killer bee stings you but does no damage.
The killer bee closely misses you.
The ogre hits you with a +0 giant club!!
* * * LOW HITPOINT WARNING * * *
The killer bee stings you.
* * * LOW HITPOINT WARNING * * *
The killer bee stings you but does no damage.
You climb upwards.
There is a stone staircase leading down here. 😱 HP[-44]
You take 44 damage, and now have 14/64 hp.
MASSIVE DAMAGE!! (PAUSE)
You feel much better. The killer bee stings you!
The killer bee barely misses you. x2
The killer bee stings you but does no damage.
The killer bee stings you!
* * * LOW HITPOINT WARNING * * *
The ogre hits you with a +0 giant club!!
* * * LOW HITPOINT WARNING * * *
The killer bee stings you!
* * * LOW HITPOINT WARNING * * *
😱 HP[-13]
You take 13 damage, and now have 1/64 hp.
MASSIVE DAMAGE!! (PAUSE)
You feel much better. The killer bee barely misses you.
The killer bee closely misses you.
The killer bee stings you but does no damage.
The killer bee closely misses you. The killer bee barely misses you.
The ogre hits you but does no damage. The killer bee stings you.
* * * LOW HITPOINT WARNING * * *
😨 HP[+20]
You regained 20 hp, and now have 21/64 hp.
Shoot: a) +1 hand crossbow {crossbow}
Press: ? - help, Q - select action, (/) - cycle Shift-Dir - straight line, f - ogre
Aim: an ogre, wielding a +0 giant club (80% to hit)
You shoot a bolt. The bolt hits the ogre!
The killer bee barely misses you. x3; The killer bee stings you.
* * * LOW HITPOINT WARNING * * *
The killer bee misses you. The killer bee closely misses you.
The killer bee stings you.
* * * LOW HITPOINT WARNING * * *
The killer bee stings you.
* * * LOW HITPOINT WARNING * * *
The ogre hits you with a +0 giant club!!
You die...

Skill      XL: |  1  2  3  4  5  6  7  8 |
---------------+-------------------------+-----
Dodging        | 2 3 4 |  4.7
Armour         | 1 2 3 4 5 |  5.0
Fighting       | 3 4 5 |  5.7
Crossbows      | 5 6 |  6.3
Stealth        | |  1.2

Action                   |  1- 3 |  4- 6 |  7- 9 || total
-------------------------+-------+-------+-------++-------
Melee: Short sword       |       |       |     9 ||     9
 Fire: Hand crossbow     |    73 |    91 |    96 ||   260
Throw: Dart              |       |       |     1 ||     1
       Stone             |       |       |     1 ||     1
 Abil: Dig               |     3 |       |       ||     3
  Use: Scroll            |       |     2 |       ||     2
       Potion            |       |       |     2 ||     2
Armor: Leather armour    |     3 |     5 |    17 ||    25
Dodge: Dodged            |    16 |    14 |    49 ||    79

Levels and vault maps discovered:
D:1:      minmay_arrival_shoal_huts, layout_basic, basic_ecumenical_altar,
          ebering_dispersal_statue_hall, kennysheep_pointless_box,
          dk_noncrumbling_2, chequers_serial_rivers_room_b,
          minmay_misc_feat_rugged
D:2:      minmay_razor_zed, layout_basic, serial_shops,
          nicolae_shop_window_shopping
D:3:      layout_loops_ring, grunt_dithmenos_smoke, gup_sewer_entry_bowl
D:4:      layout_cave_pools, nemelex_spade_bored_becter,
          minmay_temple_entry_proselytizer, serial_co_window_serial,
          co_window_paths_a, co_window_paths_a, co_window_corner_a,
          co_window_corner_a, co_window_paths_b, co_window_corner_b,
          co_window_2corner, co_window_unsneaky_path_a, co_window_broadway_b,
          glass_columns_a, glass_columns_b, glass_columns_a,
          serial_bayou_ford_a, hangedman_feature_mirror, uniq_eustachio,
          uniq_natasha
D:5:      layout_cave_pools, lemuel_doored_altar, general_overflow_altar,
          mainiacjoe_overflow_paths, serial_undead, serial_undead_e,
          serial_undead_b, serial_undead_d, serial_undead_e, serial_undead_e,
          serial_undead_b, serial_undead_c
Temple:   nicolae_temple_hex_pool

Notes
Turn   | Place    | Note
-------+----------+-------------------------------------------
     0 | D:1      | mcwallace the Formicid Hunter began the quest for the Orb.
     0 | D:1      | Reached XP level 1. HP: 16/16 MP: 1/1
     0 | D:1      | magus.rc [v1.9.6]
     1 | D:1      | You pick up a book of Dangerous Friends and begin
                  | reading...
     1 | D:1      | You add the spells Summon Guardian Golem, Orb of
                  | Destruction and Spellforged Servitor to your library.
     2 | D:1      | magus.rc [v1.9.6]
   167 | D:1      | Reached XP level 2. HP: 23/23 MP: 2/2
   240 | D:1      | Reached skill level 2 in Dodging
   351 | D:1      | Found a faded altar of an unknown god.
   709 | D:1      | You pick up a book of the Spheres and begin reading...
   709 | D:1      | You add the spells Iskenderun's Battlesphere, Fireball and
                  | Conjure Ball Lightning to your library.
   882 | D:2      | Reached skill level 1 in Armour
  1009 | D:2      | Reached XP level 3. HP: 28/28 MP: 3/3
  1016 | D:2      | HP: 6/28 [poisoned by an adder]
  1020 | D:2      | HP: 2/28 [poisoned by an adder]
  1593 | D:2      | Reached XP level 4. HP: 32/34 MP: 4/4
  1675 | D:2      | Found Godinaem's Assorted Antiques.
  1935 | D:2      | Reached skill level 3 in Fighting
  2183 | D:3      | Reached skill level 2 in Armour
  2183 | D:3      | Reached XP level 5. HP: 38/41 MP: 5/5
  2301 | D:3      | Found a shadowy altar of Dithmenos.
  2455 | D:3      | Reached skill level 3 in Dodging
  2461 | D:3      | Reached XP level 6. HP: 30/47 MP: 6/6
  2467 | D:3      | Found a glowing drain.
  2471 | Sewer    | Entered a sewer
  2625 | Sewer    | Reached skill level 5 in Crossbows
  2637 | Sewer    | Reached skill level 4 in Fighting
  2637 | Sewer    | Reached skill level 3 in Armour
  2780 | Sewer    | Found a white marble altar of Elyvilon.
  3491 | D:4      | Reached XP level 7. HP: 54/54 MP: 7/7
  3495 | D:4      | You pick up a book of Hexes and begin reading...
  3495 | D:4      | You add the spells Inner Flame, Cause Fear and Discord to
                  | your library.
  3510 | D:4      | Noticed Eustachio
  3546 | D:4      | Killed Eustachio
  3718 | D:4      | Reached skill level 4 in Armour
  3718 | D:4      | Reached skill level 4 in Dodging
  3746 | D:4      | Noticed Natasha
  3750 | D:4      | Killed Natasha
  3769 | D:4      | Reached skill level 5 in Fighting
  3769 | D:4      | Reached XP level 8. HP: 42/62 MP: 8/8
  4100 | D:4      | Noticed Natasha
  4102 | D:4      | Killed Natasha
  4103 | D:4      | Reached skill level 6 in Crossbows
  4149 | D:4      | Found a sparkling altar of Nemelex Xobeh.
  4309 | D:4      | Found a staircase to the Ecumenical Temple.
  4419 | Temple   | Entered the Ecumenical Temple
  4510 | Temple   | Became a worshipper of Warmaster Okawaru
  4528 | D:4      | Noticed Natasha
  4531 | D:4      | Killed Natasha
  4729 | D:5      | Entered Level 5 of the Dungeon
  4729 | D:5      | Found an ornate altar of the Wu Jian Council.
  4767 | D:4      | Reached skill level 5 in Armour
  4832 | D:5      | HP: 13/64 [killer bee (6)]
  4834 | D:4      | HP: 1/64 [killer bee (7)]
  4836 | D:4      | Slain by an ogre

Vanquished Creatures
  Eustachio (D:4)
  2 ogres
  A necrophage (D:4)
  A phantom (D:4)
  3 kobold brigands
  A scorpion (D:4)
  A killer bee (D:4)
  A hound (D:4)
  3 orc priests
  An iguana (D:4)
  Natasha (thrice) (D:4)
  An orc wizard (D:3)
  A gnoll (D:2)
  5 adders
  2 river rats (D:3)
  An ufetubus (D:5)
  A worm (D:4)
  A dart slug (D:4)
  4 orcs (D:3)
  6 ball pythons
  5 bats
  8 endoplasms
  5 giant cockroaches
  5 hobgoblins
  2 jackals (Sewer)
  8 kobolds
  4 quokkas
  3 frilled lizards
  2 goblins (D:2)
  6 rats
88 creatures vanquished.

Vanquished Creatures (others)
  2 withered plants (D:5)
2 creatures vanquished.

Grand Total: 90 creatures vanquished

Table legend:
 A = Non-vault XP
 B = Vault XP
 C = Vault XP percentage of total XP
 D = Non-vault monster count
 E = Vault monster count
 F = Vault count percentage of total count
                 A         B        C        D         E       F
            +---------+---------+-------+---------+---------+-------
      Total |    1125 |     560 |  33.2 |      58 |      30 |  34.1
            +---------+---------+-------+---------+---------+-------
        D:1 |      16 |       0 |   0.0 |       9 |       0 |   0.0
        D:2 |      47 |      44 |  48.4 |      14 |      13 |  48.1
        D:3 |     136 |      30 |  18.1 |      12 |       4 |  25.0
        D:4 |     795 |     278 |  25.9 |      20 |       3 |  13.0
        D:5 |     131 |       0 |   0.0 |       3 |       0 |   0.0
      Sewer |       0 |     208 | 100.0 |       0 |      10 | 100.0
            +---------+---------+-------+---------+---------+-------

Illustrated notes

Table legend:
 A = Kills in this place as a percentage of kills in entire the game.
 B = Kills by you in this place as a percentage of kills by you in the entire game.
 C = Kills by friends in this place as a percentage of kills by friends in the entire game.
 D = Other kills in this place as a percentage of other kills in the entire game.
 E = Experience gained in this place as a percentage of experience gained in the entire game.
 F = Experience gained in this place divided by the number of levels of this place that you have seen.
                   A       B       C       D       E      F
               +-------+-------+-------+-------+-------+----------------------
         Total | 100.0 | 100.0 |   N/A |   N/A | 100.0 | 240.7
       Dungeon |  88.6 |  88.6 |   N/A |   N/A |  87.7 | 295.4
         Sewer |  11.4 |  11.4 |   N/A |   N/A |  12.3 | 208.0
               +-------+-------+-------+-------+-------+----------------------

Table legend: (Time is in decaauts)
 A = Elapsed time spent in this place.
 B = Non-inter-level travel time spent in this place.
 C = Inter-level travel time spent in this place.
 D = Time resting spent in this place.
 E = Time spent auto-exploring this place.
 F = Levels seen in this place.
 G = Mean time per level.
                   A        B        C        D        E       F      G
               +--------+--------+--------+--------+--------+-----+--------+
         Total |   4980 |   4828 |    152 |    819 |   2824 |   7 |  711.4 |
       Dungeon |   4402 |   4267 |    135 |    615 |   2614 |   5 |  880.4 |
        Temple |     94 |     77 |     17 |      0 |     61 |   1 |   94.0 |
         Sewer |    483 |    483 |      0 |    204 |    149 |   1 |  483.0 |
               +--------+--------+--------+--------+--------+-----+--------+

Top non-repeatable levels by time:
     D:2: 1368 daAuts
     D:4: 1353 daAuts
     D:1: 830 daAuts
     D:3: 807 daAuts
   Sewer: 483 daAuts
  Temple: 94 daAuts
     D:5: 42 daAuts
